 Dungeon Crawl Stone Soup version 0.30-a0-808-g6e0788376e (webtiles) character file.

Game seed: 4973350771673695536

1900 bjtr the Geomancer (level 9, 0/48 HPs)
             Began as a Gargoyle Earth Elementalist on Feb 26, 2023.
             Was an Initiate of Vehumet.
             Slain by a gnoll
             ... wielding a +0 spear
             ... led by a gnoll bouda
              (5 damage)
             ... on level 6 of the Dungeon.
             The game lasted 00:18:04 (4864 turns).

bjtr the Geomancer (Gargoyle Earth Elementalist)    Turns: 4864, Time: 00:18:05

Health: 0/48       AC: 13    Str: 11    XL:     9   Next: 15%
Magic:  10/19      EV:  6    Int: 21    God:    Vehumet [......]
Gold:   140        SH:  0    Dex: 10    Spells: 12/22 levels left

rFire   . . .      SeeInvis .    h - +0 mace (protect)
rCold   . . .      Faith    .    (no shield)
rNeg    + . .      Spirit   .    l - +0 leather armour
rPois   ∞          Reflect  .    z - +1 helmet
rElec   +          Harm     .    (no cloak)
rCorr   .          Rampage  .    A - +0 pair of gloves
Will    .....                    (no boots)
Stlth   ++                       (no amulet)
HPRegen 0.28/turn                (no ring)
MPRegen 0.16/turn                (no ring)

@: held
A: sickness immunity, AC +6, negative energy resistance 1, electricity
resistance, torment resistance 1, petrification resistance
a: Renounce Religion


You were on level 6 of the Dungeon.
You worshipped Vehumet.
Vehumet was noncommittal.
You visited 2 branches of the dungeon, and saw 7 of its levels.

You collected 212 gold pieces.
You spent 72 gold pieces at shops.

Inventory:

Hand Weapons
 c - a +0 club
 f - a +0 rapier
 h - a +0 mace of protection (weapon)
 j - a +0 short sword
 m - a +0 flail
 r - the +1 quarterstaff "Yruat" {heavy, rF- Str+7}
   (You found it on level 2 of the Dungeon)

   Str:       It affects your strength (+7).
   rF:        It makes you vulnerable to fire.
 B - a +0 sling
 I - a +4 scythe of holy wrath
Missiles
 o - 4 javelins
 E - 5 atropa-tipped darts
Armour
 a - a +0 robe
 l - a +0 leather armour (worn)
 z - a +1 helmet (worn)
 A - a +0 pair of gloves (worn)
Wands
 y - a wand of flame (12)
 C - a wand of mindburst (4)
Scrolls
 e - 2 scrolls of immolation
 g - 2 scrolls of magic mapping
 i - 2 scrolls of fog
 n - 2 scrolls of poison
 t - a scroll of summoning {unknown}
 u - 3 scrolls of teleportation {unknown}
 v - 2 scrolls of enchant weapon
 w - a scroll of fear
 G - a scroll of torment {unknown}
Potions
 b - 2 potions of magic
 d - a potion of resistance
 k - a potion of attraction
 p - a potion of mutation
 q - 2 potions of curing
 s - 2 potions of heal wounds
 x - a potion of flight
 D - a potion of might {unknown}
 F - a potion of haste {unknown}
 H - a potion of ambrosia {unknown}


   Skills:
 + Level 2.2 Fighting
 + Level 3.8 Armour
 - Level 1.5 Dodging
 + Level 3.3 Stealth
 + Level 7.0 Spellcasting
 - Level 0.7 Transmutations
 + Level 9.7 Earth Magic


You had 12 spell levels left.
You knew the following spells:

 Your Spells              Type           Power      Damage    Failure   Level
a - Sandblast             Erth           96%        2d20      1%          1
b - Passwall              Tmut/Erth      24%        N/A       1%          2
c - Stone Arrow           Conj/Erth      54%        3d10      4%          3
d - Petrify               Tmut/Erth      29%        N/A       13%         4

Your spell library contained the following spells:

 Spells                   Type           Power      Damage    Failure   Level


Dungeon Overview and Level Annotations

Branches:
Dungeon (6/15)             Temple (1/1) D:4

Altars:
Ashenzari
Dithmenos
Elyvilon
Gozag
Hepliaklqana
Makhleb
Nemelex Xobeh
Okawaru
Qazlal
Ru
Sif Muna
Trog
Uskayaw
Vehumet
Yredelemnul
Zin
The Shining One

Shops:
D:4 ?   D:5 (


Innate Abilities, Weirdness & Mutations

You are immune to sickness and miasma.
Your stone body is resilient. (AC +6)
You are immune to poison.
You resist negative energy. (rN+)
You are resistant to electric shocks. (rElec)
You are resistant to unholy torment.
You are immune to petrification.


Message History

Aim: a gnoll bouda, wielding a +0 whip and wearing a +0 robe (moderately wounded, 87% to hit)
The blast of sand hits the gnoll bouda!!
You kill the gnoll bouda!
Vehumet accepts your kill.
The gnoll hits you but does no damage. x2
The gnoll hits you with a +0 flail of protection.
The gnoll hits you but does no damage.
Casting: Sandblast (safe; 1% risk of failure)
Confirm with . or Enter, or press ? or * to list all spells.
You don't know that spell.
Okay, then.
Unknown command.
Unknown command.
Unknown command.
Unknown command.
Unknown command.
Casting: Sandblast (safe; 1% risk of failure)
Confirm with . or Enter, or press ? or * to list all spells.
Aiming: Sandblast (safe; 1% risk of failure)
Press: ? - help, Shift-Dir - straight line, f - gnoll
Aim: a gnoll, wielding a +0 flail of protection (covering ground quickly, 87% to hit)
The blast of sand hits the gnoll!
The gnoll is heavily wounded.
The gnoll hits you but does no damage. The gnoll barely misses you.
The gnoll hits you from afar with a +0 spear. x2
The gnoll closely misses you.
Casting: Sandblast (safe; 1% risk of failure)
Confirm with . or Enter, or press ? or * to list all spells.
Aiming: Sandblast (safe; 1% risk of failure)
Press: ? - help, Shift-Dir - straight line, f/p - gnoll
Aim: a gnoll, wielding a +0 flail of protection (heavily wounded, covering ground quickly, 87% to hit)
The blast of sand hits the gnoll.
The gnoll is almost dead.
The gnoll hits you from afar with a +0 spear.
* * * LOW HITPOINT WARNING * * *
The gnoll hits you but does no damage.
The gnoll hits you with a +0 flail of protection.
* * * LOW HITPOINT WARNING * * *
The gnoll hits you from afar with a +0 spear.
You die...

........#...........#..#####
........#...........#..#
........#.†...g.......##
#########....s........#
######†###...### #.........#
######g#g##..#.#
........†)g...#.####
.......##@#........#
.........>.....###.#
.......#.#.#....##.#
######.#...........#
#.########.#### .. #.#
#.##### #.....# #####.#


You could see 3 gnolls.

Vanquished Creatures
  Pikel (D:6)
  Grinder (D:3)
  Sigmund (D:6)
  The ghost of tarna41 the Sneak, an amateur SpCj (D:4)
  A sky beast (D:6)
  An ogre (D:4)
  2 lemures (D:6)
  The ghost of tarna41 the Sneak, an amateur SpCj (D:4)
  6 scorpions
  A howler monkey (D:5)
  A hound (D:5)
  A gnoll bouda (D:6)
  4 iguanas
  4 gnolls
  4 adders
  5 worms
  A dart slug (D:1)
  3 orcs
  10 endoplasms
  4 giant cockroaches
  10 goblins
  4 hobgoblins (D:3)
  3 jackals (D:5)
  4 kobolds
  A quokka (D:3)
  5 ball pythons
  3 bats
  5 frilled lizards
  23 rats
111 creatures vanquished.

Vanquished Creatures (others)
  A plant (D:3)
  A withered plant (D:4)
2 creatures vanquished.

Grand Total: 113 creatures vanquished

Notes
Turn   | Place    | Note
-------+----------+-------------------------------------------
     0 | D:1      | bjtr the Gargoyle Earth Elementalist began the quest for
                  | the Orb.
     0 | D:1      | Reached XP level 1. HP: 10/10 MP: 3/3
   134 | D:1      | Reached skill level 4 in Earth Magic
   162 | D:1      | Reached XP level 2. HP: 15/15 MP: 3/5
   165 | D:1      | Learned a level 2 spell: Passwall
   554 | D:1      | Reached XP level 3. HP: 19/19 MP: 1/6
  1314 | D:2      | Found a faded altar of an unknown god.
  1324 | D:2      | Identified the +1 quarterstaff "Yruat" {heavy, rF- Str+7}
  1773 | D:3      | Learned a level 3 spell: Stone Arrow
  1894 | D:3      | Reached XP level 4. HP: 24/24 MP: 6/8
  1918 | D:3      | Reached skill level 5 in Earth Magic
  2299 | D:3      | Reached skill level 1 in Armour
  2344 | D:3      | Found an iron altar of Okawaru.
  2493 | D:4      | Noticed Grinder
  2504 | D:3      | Reached XP level 5. HP: 18/28 MP: 6/9
  2523 | D:3      | Paralysed by Grinder for 5 turns
  2541 | D:3      | Killed Grinder
  2542 | D:3      | Reached skill level 1 in Fighting
  2542 | D:3      | Reached skill level 6 in Earth Magic
  2542 | D:3      | Reached XP level 6. HP: 17/34 MP: 4/11
  2636 | D:4      | Found a staircase to the Ecumenical Temple.
  2637 | D:4      | Found a glowing silver altar of Zin.
  2645 | Temple   | Entered the Ecumenical Temple
  2866 | Temple   | Became a worshipper of Vehumet
  3038 | D:4      | Found Potemi's Magic Scroll Shop.
  3049 | D:4      | Bought a scroll of identify for 24 gold pieces
  3049 | D:4      | Bought a scroll of identify for 24 gold pieces
  3049 | D:4      | Bought a scroll of identify for 24 gold pieces
  3149 | D:4      | Reached XP level 7. HP: 38/38 MP: 10/13
  3199 | D:4      | Found a hide-covered altar of Uskayaw.
  3363 | D:4      | Found a runed translucent gate.
  3364 | D:4      | Found a runed translucent gate.
  3364 | D:4      | Found a runed translucent gate.
  3365 | D:4      | Noticed tarna41's ghost (amateur SpCj)
  3366 | D:4      | Noticed tarna41's ghost (amateur SpCj)
  3417 | D:4      | Killed tarna41's ghost
  3418 | D:4      | Reached skill level 7 in Earth Magic
  3423 | D:4      | Killed tarna41's ghost
  3529 | D:5      | Entered Level 5 of the Dungeon
  3577 | D:5      | Reached skill level 5 in Spellcasting
  3768 | D:5      | Reached XP level 8. HP: 35/43 MP: 10/16
  3882 | D:5      | Learned a level 4 spell: Petrify
  3969 | D:5      | Found Yffoz's Weapon Shop.
  4249 | D:5      | Reached skill level 8 in Earth Magic
  4609 | D:6      | Noticed Pikel
  4629 | D:6      | Killed Pikel
  4630 | D:6      | Reached skill level 9 in Earth Magic
  4762 | D:6      | Found a glowing golden altar of the Shining One.
  4782 | D:6      | Noticed Sigmund
  4787 | D:6      | Killed Sigmund
  4788 | D:6      | Reached XP level 9. HP: 48/48 MP: 15/18
  4864 | D:6      | Slain by a gnoll

Illustrated notes

Levels and vault maps discovered:
D:1:      arrival_zaba_pyramid, layout_basic,
          amcnicky_mini_rare_corridor_liquid, minmay_misc_feat_secret_circle
D:2:      layout_basic, hellmonk_ecumenical_altar_lost_god
D:3:      cheibrodos_old_hovel, layout_loops_ring, okawaru_altar_gauntlet_db,
          serial_glass, glass_columns_a, glass_columns_b, glass_columns_b,
          glass_columns_c, glass_columns_c, glass_columns_b, minmay_rat_hole
D:4:      layout_basic, mainiacjoe_overflow_24_doors,
          mainiacjoe_overflow_boulevard, minmay_temple_entry_stoned_glass,
          gammafunk_ghost_cemetery, serial_shops, shop, uniq_grinder
D:5:      layout_basic, nicolae_take_the_stairs
D:6:      layout_basic, tso_metal_star, uniq_pikel, uniq_sigmund
Temple:   oiseaux_autumnal_temple

Skill      XL: |  1  2  3  4  5  6  7  8  9 |
---------------+----------------------------+-----
Earth Magic    | 4 5 6 7 9 |  9.7
Armour         | 1 2 3 |  3.8
Spellcasting   | 3 4 5 6 7 |  7.0
Fighting       | 1 2 |  2.2
Stealth        | 3 |  3.3
Dodging        | |  1.5
Transmutations | |  0.7

Action                     |  1- 3 |  4- 6 |  7- 9 || total
---------------------------+-------+-------+-------++-------
  Melee: Club              |     3 |       |       ||     3
         Mace              |    15 |    68 |    29 ||   112
   Cast: Sandblast         |    49 |    34 |    66 ||   149
    Use: Scroll            |       |    11 |     1 ||    12
   Stab: Sleeping          |     1 |     1 |       ||     2
 Armour: Robe              |     2 |       |       ||     2
         Leather armour    |    13 |    50 |    54 ||   117
  Dodge: Dodged            |    14 |    63 |    62 ||   139

Table legend: (Time is in decaauts)
 A = Elapsed time spent in this place.
 B = Non-inter-level travel time spent in this place.
 C = Inter-level travel time spent in this place.
 D = Time resting spent in this place.
 E = Time spent auto-exploring this place.
 F = Levels seen in this place.
 G = Mean time per level.
                   A        B        C        D        E       F      G
               +--------+--------+--------+--------+--------+-----+--------+
         Total |   4991 |   4786 |    205 |    198 |   3590 |   7 |  713.0 |
       Dungeon |   4744 |   4566 |    178 |    198 |   3385 |   6 |  790.7 |
        Temple |    247 |    220 |     27 |      0 |    205 |   1 |  247.0 |
               +--------+--------+--------+--------+--------+-----+--------+

Top non-repeatable levels by time:
     D:5: 1082 daAuts
     D:3: 958 daAuts
     D:1: 917 daAuts
     D:2: 792 daAuts
     D:4: 705 daAuts
     D:6: 288 daAuts
  Temple: 247 daAuts
